 Dungeon Crawl Stone Soup version 0.23-a0-629-gae4348f (webtiles) character file.

166 zishaf the Ogre Mage (level 5, 0/53 HPs)
             Began as an Ogre Fire Elementalist on Dec 27, 2018.
             Killed from afar by clenchingflame's ghost (3 damage)
             ... with a magic dart
             ... on level 3 of the Dungeon.
             The game lasted 00:06:05 (2934 turns).

zishaf the Ogre Mage (Ogre Fire Elementalist)       Turns: 2934, Time: 00:06:06

Health: 0/53       AC:  3    Str: 12    XL:     5   Next: 47%
Magic:  1/10       EV: 10    Int: 17    God:
Gold:   81         SH:  0    Dex:  9    Spells: 5/11 levels left

rFire    . . .     SeeInvis .   p - +0 long sword
rCold    . . .     Gourm    .   (no shield)
rNeg     . . .     Faith    .   a - +0 robe
rPois    .         Spirit   .   (helmet restricted)
rElec    .         Reflect  .   (no cloak)
rCorr    .         Harm     .   (gloves unavailable)
MR       .....                  (boots unavailable)
Stlth    +.........             i - amulet of inaccuracy (curse)
HPRegen  0.17/turn              (no ring)
MPRegen  0.12/turn              (no ring)

@: very slightly contaminated
A: large, unfitting armour, tough skin 1
a: no special abilities


You were on level 3 of the Dungeon.
You were not hungry.

You visited 1 branch of the dungeon, and saw 4 of its levels.

You collected 81 gold pieces.

Inventory:

Hand Weapons
 p - a +0 long sword (weapon)
Armour
 a - a +0 robe (worn)
Jewellery
 i - a cursed amulet of inaccuracy (around neck)
Wands
 f - a wand of iceblast (9)
Scrolls
 e - 2 scrolls of enchant armour {unknown}
 g - a scroll of fear {unknown}
 l - 2 scrolls of immolation {unknown}
 m - a scroll of remove curse {unknown}
 o - 3 scrolls of magic mapping {unknown}
 q - a scroll of fog {unknown}
Potions
 b - 2 potions of might
 h - 2 potions of heal wounds
 j - a potion of berserk rage
 k - 2 potions of curing
 n - a potion of flight
 r - a potion of invisibility {unknown}
 s - a potion of agility {unknown}
Comestibles
 c - 5 rations


   Skills:
 * Level 3.5 Fighting
 + Level 2.4 Dodging
 - Level 1.4 Stealth
 * Level 3.6 Spellcasting
 + Level 1.8 Conjurations
 + Level 3.2 Fire Magic


You had 5 spell levels left.
You knew the following spells:

 Your Spells              Type           Power        Failure   Level  Hunger
a - Flame Tongue          Conj/Fire      ##...        6%          1    None
b - Throw Flame           Conj/Fire      ##....       9%          2    ##.....
c - Conjure Flame         Conj/Fire      ##......     17%         3    ###....

Your spell library contained the following spells:

 Spells                   Type           Power        Failure   Level  Hunger
 Inner Flame              Hex/Fire       #.......     26%         3    ###....
 Sticky Flame             Conj/Fire      ##......     50%         4    ####...
 Fireball                 Conj/Fire      ##........   85%         5    ######.


Dungeon Overview and Level Annotations

Branches:
Dungeon (4/15)
 Temple: D:4-7

Altars:
Makhleb
Sif Muna

Annotations:
D:3 clenchingflame's ghost, amateur DrCj


Innate Abilities, Weirdness & Mutations

You are too large for most types of armour.
You have tough skin. (AC +1)


Message History

Clenchingflame's ghost is heavily damaged.
Clenchingflame's ghost casts a spell at you.
The magic dart hits you!
* * * LOW HITPOINT WARNING * * *
You closely miss clenchingflame's ghost.
Clenchingflame's ghost is heavily damaged.
Clenchingflame's ghost closely misses you.
Clenchingflame's ghost barely misses you.
You riposte.
You slash clenchingflame's ghost!
Clenchingflame's ghost is severely damaged.
You miss clenchingflame's ghost.
Clenchingflame's ghost is severely damaged.
Clenchingflame's ghost points at you and mumbles some strange words.
The magic dart hits you!
* * * LOW HITPOINT WARNING * * *
You hit clenchingflame's ghost.
Clenchingflame's ghost is almost destroyed.
Clenchingflame's ghost gestures at you while chanting.
The magic dart hits you!
You die...

...........).........#
.....................#
...###...............#
....................<#
.............#########
.......##.#..#########
.....................#
...#.......#.#######.#
...#..........)W@.##.#
...##.....#..####.##.####
...##>....#..# #.#.....#
.........l#..# #.#####.#
...##....W#######.#...#.#
............l.W...#.....#
.......)..........#...###
..................#...#
..................#...#


You could see clenchingflame's ghost.

Vanquished Creatures
  A scorpion (D:2)
  An orc wizard (D:3)
  3 adders (D:2)
  2 worms
  A dart slug (D:3)
  A leopard gecko (D:4)
  2 orcs (D:3)
  3 giant cockroaches
  7 hobgoblins
  5 jackals
  A quokka (D:3)
  2 bats
  3 frilled lizards
  9 goblins
  7 kobolds
  7 rats
55 creatures vanquished.

Notes
Turn   | Place    | Note
-------+----------+-------------------------------------------
     0 | D:1      | zishaf the Ogre Fire Elementalist began the quest for the
                  | Orb.
     0 | D:1      | Reached XP level 1. HP: 16/16 MP: 3/3
   244 | D:1      | Reached skill level 1 in Conjurations
   310 | D:1      | Reached skill level 1 in Fighting
   310 | D:1      | Reached XP level 2. HP: 27/27 MP: 2/5
   542 | D:2      | Reached XP level 3. HP: 35/35 MP: 1/7
   601 | D:2      | Noticed a scorpion
   897 | D:1      | Learned a level 2 spell: Throw Flame
   901 | D:1      | Learned a level 3 spell: Conjure Flame
   959 | D:2      | Killed a scorpion
   959 | D:2      | Reached XP level 4. HP: 44/44 MP: 6/8
  1566 | D:2      | Found a burning altar of Makhleb.
  1566 | D:2      | Found a deep blue altar of Sif Muna.
  1597 | D:3      | Found a runed gate.
  1597 | D:3      | Found a runed gate.
  1597 | D:3      | Found a runed gate.
  1635 | D:3      | Noticed clenchingflame's ghost (amateur DrCj)
  1712 | D:3      | Reached XP level 5. HP: 43/53 MP: 1/10
  2933 | D:3      | HP: 2/53 [clenchingflame's ghost/magic dart (8)]
  2934 | D:3      | Killed from afar by clenchingflame's ghost

Vault maps used:
D:1:      matt_arrival_spirals, dk_noncrumbling_3
D:2:      gammafunk_temple_overflow_elements
D:3:      first_ration, gammafunk_ghost_split
D:4:      minmay_temple_entry_mini_moons

Skill      XL: |  1  2  3  4 |
---------------+-------------+-----
Conjurations   | 1 |  1.8
Fighting       | 1 2 3 |  3.5
Dodging        | 2 |  2.4
Spellcasting   | 3 |  3.6
Fire Magic     | 3 |  3.2
Stealth        | |  1.4

Action                   |  1- 3 |  4- 6 || total
-------------------------+-------+-------++-------
Melee: Unarmed           |     9 |    23 ||    32
       Long sword        |       |    40 ||    40
 Cast: Flame Tongue      |    35 |    81 ||   116
       Conjure Flame     |       |     1 ||     1
Evoke: Wand              |     1 |     1 ||     2
  Use: Scroll            |       |     5 ||     5
 Stab: Sleeping          |       |     2 ||     2
  Eat: Chunk             |       |     4 ||     4
       Ration            |       |     1 ||     1
Armor: Robe              |     7 |    55 ||    62
Dodge: Dodged            |    33 |    99 ||   132
       Rpst.: Long sword |       |    15 ||    15

Table legend:
 A = Non-vault XP
 B = Vault XP
 C = Vault XP percentage of total XP
 D = Non-vault monster count
 E = Vault monster count
 F = Vault count percentage of total count
                 A         B        C        D         E       F
            +---------+---------+-------+---------+---------+-------
      Total |     235 |       3 |   1.3 |      53 |       2 |   3.6
            +---------+---------+-------+---------+---------+-------
        D:1 |      13 |       0 |   0.0 |       9 |       0 |   0.0
        D:2 |     139 |       0 |   0.0 |      22 |       0 |   0.0
        D:3 |      80 |       3 |   3.6 |      21 |       2 |   8.7
        D:4 |       3 |       0 |   0.0 |       1 |       0 |   0.0
            +---------+---------+-------+---------+---------+-------
